 Dungeon Crawl Stone Soup version 0.27-a0-1181-g5f64966fcc (webtiles) character file.

Game seed: 15454017045471886885

14 lunkers the Stinger (level 2, 0/20 HPs)
             Began as a Gnoll Wanderer on May 17, 2021.
             Slain by a rat (1 damage)
             ... on level 1 of the Dungeon.
             The game lasted 00:00:44 (297 turns).

lunkers the Stinger (Gnoll Wanderer)                 Turns: 297, Time: 00:00:45

Health: 0/20       AC:  2    Str: 11    XL:     2   Next: 45%
Magic:  0/7        EV: 11    Int: 12    God:
Gold:   18         SH:  0    Dex: 10    Spells: 9/10 levels left

rFire    . . .     SeeInvis .   a - +0 club
rCold    . . .     Faith    .   (no shield)
rNeg     . . .     Spirit   .   d - +0 robe
rPois    .         Reflect  .   (no helmet)
rElec    .         Harm     .   (no cloak)
rCorr    .         Rampage  .   (no gloves)
Will     .....                  (no boots)
Stlth    ++........             (no amulet)
HPRegen  0.06/turn              (no ring)
MPRegen  0.10/turn              (no ring)

@: no status effects
A: fangs 1, strong nose, distributed training
a: no special abilities


You were on level 1 of the Dungeon.
You visited 1 branch of the dungeon, and saw 1 of its levels.

You collected 18 gold pieces.

Inventory:

Hand Weapons
 a - a +0 club (weapon)
Armour
 d - a +0 robe (worn)
Potions
 c - a potion of curing


   Skills:
 + Level 0.4 Fighting
 + Level 0.4 Short Blades
 + Level 0.4 Long Blades
 + Level 0.4 Axes
 + Level 0.4 Maces & Flails
 + Level 0.4 Polearms
 + Level 0.4 Staves
 + Level 0.4 Slings
 + Level 0.4 Bows
 + Level 0.4 Crossbows
 + Level 0.4 Throwing
 + Level 0.4 Armour
 + Level 0.4 Dodging
 + Level 2.2 Stealth
 + Level 0.4 Shields
 + Level 0.4 Unarmed Combat
 + Level 4.9 Spellcasting
 + Level 0.2 Conjurations
 + Level 0.2 Hexes
 + Level 0.2 Summonings
 + Level 2.0 Necromancy
 + Level 0.2 Translocations
 + Level 0.2 Transmutations
 + Level 0.2 Fire Magic
 + Level 2.0 Ice Magic
 + Level 0.2 Air Magic
 + Level 0.2 Earth Magic
 + Level 7.0 Poison Magic
 + Level 0.5 Invocations
 + Level 2.5 Evocations


You had 9 spell levels left.
You knew the following spells:

 Your Spells              Type           Power      Damage    Failure   Level
a - Freeze                Ice            28%        1d5       9%          1

Your spell library contained the following spells:

 Spells                   Type           Power      Damage    Failure   Level
 Apportation              Tloc           6%         N/A       19%         1
 Frozen Ramparts          Ice            14%        1d3       26%         3
 Ozocubu's Armour         Ice            7%         N/A       26%         3
 Teleport Other           Tloc           3%         N/A       47%         3
 Hailstorm                Conj/Ice       5%         3d4       77%         4
 Metabolic Englaciation   Hex/Ice        2%         N/A       98%         5


Dungeon Overview and Level Annotations

Branches:
Dungeon (1/15)

Altars:


Innate Abilities, Weirdness & Mutations

You have very sharp teeth.
Your uncanny sense of smell can sniff out nearby items.
Your experience applies equally to all skills.


Message History

Press: ? - help, Shift-Dir - straight line, f/p - jackal
Aim: a jackal (almost dead)
You freeze the jackal.
You kill the jackal!
* * * LOW MAGIC WARNING * * *
The endoplasm freezes you.
You are frozen.
* * * LOW HITPOINT WARNING * * *
Casting: Freeze (safe; 9% risk of failure)
Confirm with . or Enter, or press ? or * to list all spells.
Aiming: Freeze (safe; 9% risk of failure)
Press: ? - help, Shift-Dir - straight line, f - endoplasm
Aim: an endoplasm You freeze the endoplasm.
The endoplasm is heavily wounded.
* * * LOW MAGIC WARNING * * *
The endoplasm freezes you.
You are frozen.
* * * LOW HITPOINT WARNING * * *
Casting: Freeze (safe; 9% risk of failure)
Confirm with . or Enter, or press ? or * to list all spells.
Aiming: Freeze (safe; 9% risk of failure)
Press: ? - help, Shift-Dir - straight line, f/p - endoplasm
Aim: an endoplasm (heavily wounded)
You freeze the endoplasm.
The endoplasm is almost dead.
* * * LOW MAGIC WARNING * * *
The endoplasm freezes you.
You are frozen.
* * * LOW HITPOINT WARNING * * *
Unknown command.
You hit the endoplasm but do no damage.
The endoplasm is almost dead.
The endoplasm misses you.
You hit the endoplasm.
You kill the endoplasm!
You hit the rat. Your bite misses the rat.
The rat is moderately wounded.
The rat bites you.
You die...

#r# #.≈≈≈≈≈≈≈≈ #.#
##.P≈≈≈≈≈≈≈
####r#######..........
#.............P≈≈≈≈≈≈≈
#r##.##.......≈≈≈≈≈≈≈≈
#.##.##...##..≈≈≈≈≈≈≈≈
#.##..........P≈≈≈≈≈≈≈
#.#####...#...........
#...r@....####..##.###
########........###.##
#############.. #....
#.##. #.#.. #.#..
#.#.. #.##.


You could see a rat.

Vanquished Creatures
  A ball python (D:1)
  4 bats (D:1)
  An endoplasm (D:1)
  A goblin (D:1)
  4 jackals (D:1)
  A rat (D:1)
12 creatures vanquished.

Notes
Turn   | Place    | Note
-------+----------+-------------------------------------------
     0 | D:1      | lunkers the Gnoll Wanderer began the quest for the Orb.
     0 | D:1      | lunkers set off with the following items: a +0 club, a
                  | potion of curing, a +0 robe; and the following spells
                  | available to memorise: Freeze, Apportation, Frozen
                  | Ramparts, Ozocubu's Armour, Teleport Other, Hailstorm,
                  | Metabolic Englaciation
     0 | D:1      | Reached XP level 1. HP: 13/13 MP: 6/6
     2 | D:1      | Learned a level 1 spell: Freeze
   214 | D:1      | Reached XP level 2. HP: 19/19 MP: 5/7
   294 | D:1      | HP: 1/20 [frozen (3)]
   297 | D:1      | Slain by a rat

Illustrated notes

Levels and vault maps discovered:
D:1:      giann_bridges, layout_loops_cross, chequers_jeans

Skill      XL: |  1 |
---------------+----+-----
Necromancy     | 2 |  2.0
Ice Magic      | 2 |  2.0
Fighting       | |  0.4
Short Blades   | |  0.4
Long Blades    | |  0.4
Axes           | |  0.4
Maces & Flails | |  0.4
Polearms       | |  0.4
Staves         | |  0.4
Slings         | |  0.4
Bows           | |  0.4
Crossbows      | |  0.4
Throwing       | |  0.4
Armour         | |  0.4
Dodging        | |  0.4
Stealth        | |  2.2
Shields        | |  0.4
Unarmed Combat | |  0.4
Spellcasting   | |  4.9
Conjurations   | |  0.2
Hexes          | |  0.2
Summonings     | |  0.2
Translocations | |  0.2
Transmutations | |  0.2
Fire Magic     | |  0.2
Air Magic      | |  0.2
Earth Magic    | |  0.2
Poison Magic   | |  7.0
Invocations    | |  0.5
Evocations     | |  2.5

Action                   || total
-------------------------++-------
Melee: Club              ||     7
 Cast: Freeze            ||    22
Armor: Robe              ||     9
Dodge: Dodged            ||    23

Table legend: (Time is in decaauts)
 A = Elapsed time spent in this place.
 B = Non-inter-level travel time spent in this place.
 C = Inter-level travel time spent in this place.
 D = Time resting spent in this place.
 E = Time spent auto-exploring this place.
 F = Levels seen in this place.
 G = Mean time per level.
                   A        B        C        D        E       F      G
               +--------+--------+--------+--------+--------+-----+--------+
         Total |    299 |    299 |      0 |      0 |    193 |   1 |  299.0 |
       Dungeon |    299 |    299 |      0 |      0 |    193 |   1 |  299.0 |
               +--------+--------+--------+--------+--------+-----+--------+

Top non-repeatable levels by time:
     D:1: 299 daAuts
